Map: Ultralove

Players

Mabadi - Winner!

  • Race: Terran Terran
  • League: Grandmaster
  • Spawn Location: 1:00

A.I. 1 (Very Easy)

  • Race: Protoss Protoss
  • Spawn Location: 7:00

VOD

Have the link to the VOD?

Description

Time

  • Played on: Aug. 8, 2025, 6:20 a.m.
  • Length: 8:45
Show
View Real Time Build Order
Export as new Build Order

Mabadi Terran - Winner!

Build Orders: Liberator Opening 

Get SALT Encoding   

  12  0:00  SCV  
  13  0:12  SCV  
  14  0:16  Supply Depot  
  14  0:24  SCV  
  15  0:38  SCV  
  15  0:40  Barracks  
  16  0:43  Refinery  
  16  0:50  SCV  
  16  0:53  Refinery  
  17  1:02  SCV  
  18  1:05  Supply Depot  
  18  1:07  Supply Depot  
  18  1:14  SCV  
  19  1:29  Reaper  
  19  1:31  Orbital Command  
  20  1:49  Factory  
  20  1:56  SCV  
  21  2:01  Reaper  
  22  2:11  SCV  
  23  2:23  SCV  
  23  2:29  Command Center  
  24  2:33  Hellion  
  24  2:35  Barracks Reactor  
  24  2:36  SCV  
  27  2:45  Starport  
  27  2:51  SCV  
  28  2:53  Supply Depot  
  28  2:56  Widow Mine  
  30  3:03  SCV  
  31  3:14  Marine x2  
  31  3:15  SCV  
  31  3:18  Widow Mine  
  36  3:25  Medivac  
  38  3:27  SCV  
  39  3:41  Orbital Command, SCV, Marine x2  
  42  3:43  Factory Tech Lab  
  42  3:54  SCV  
  43  3:59  Liberator  
  43  4:01  Siege Tank  
  43  4:02  Marine x2  
  51  4:05  Supply Depot  
  51  4:07  SCV x2  
  53  4:17  Engineering Bay  
  53  4:19  SCV  
  54  4:27  SCV  
  55  4:31  Barracks  
  55  4:32  Barracks  
  55  4:33  Marine x2  
  55  4:34  SCV  
  58  4:39  SCV  
  58  4:43  Siege Tank  
  58  4:44  Terran Infantry Weapons Level 1  
  62  4:51  Starport Tech Lab  
  62  4:54  Refinery  
  62  4:57  Supply Depot  
  62  5:04  Supply Depot  
  62  5:19  Siege Tank, SCV x2, Marine x2  
  69  5:21  Barracks Tech Lab  
  69  5:26  Refinery  
  69  5:27  Supply Depot, Marine  
  70  5:29  Supply Depot, Stimpack  
  70  5:31  SCV x2  
  69  5:37  Marine  
  69  5:38  Marine  
  69  5:40  Marine  
  72  5:43  SCV x2  
  72  5:45  Combat Shield  
  72  5:46  Marine  
  75  5:55  SCV x2  
  77  5:57  Supply Depot, Marine x2  
  77  5:58  Factory Reactor  
  77  5:59  Supply Depot  
  77  6:01  Barracks  
  77  6:02  Barracks  
  77  6:03  Marine  
  77  6:04  Marine  
  81  6:05  Starport Reactor  
  81  6:07  SCV x2  
  83  6:15  Marine x2  
  87  6:26  SCV x2  
  87  6:29  Marauder x2  
  87  6:31  Supply Depot  
  91  6:34  Widow Mine x2  
  91  6:39  Terran Infantry Armor Level 1  
  95  6:40  Marine x2  
  95  6:42  Medivac  
  95  6:43  Medivac  
  95  6:46  Supply Depot  
  103  6:50  Marine x2  
  103  6:53  Marauder x2  
  107  6:57  Supply Depot  
  107  6:59  Marine x2  
  107  7:00  Widow Mine x2  
  113  7:01  Supply Depot  
  113  7:06  Concussive Shells  
  113  7:08  Marine x2  
  115  7:16  Marauder x2  
  115  7:17  Medivac  
  121  7:23  SCV x2  
  121  7:27  Marine x3  
  121  7:28  Medivac  
  121  7:29  Marine  
  129  7:39  Marauder x2  
  129  7:41  SCV x2  
  135  7:56  Bunker  
  135  8:00  Bunker  
  135  8:03  Bunker  
  135  8:04  Marine x2  
  135  8:05  Marauder x2, Marine  
  142  8:11  Supply Depot  
  142  8:12  Supply Depot  
  142  8:13  Supply Depot  
  142  8:26  Command Center  
  142  8:33  SCV x2  
Show
View Real Time Build Order
Export as new Build Order

A.I. 1 (Very Easy) Protoss 

Build Orders:  

Get SALT Encoding   

  12  0:00  Probe  
  13  0:13  Probe  
  14  0:19  Pylon  
  14  0:36  Assimilator  
  14  0:42  Gateway  
  14  0:45  Pylon  
  14  1:14  Assimilator  
  14  1:17  Probe  
  14  1:25  Probe  
  16  1:33  Probe  
  16  1:34  Cybernetics Core  
  17  1:44  Probe  
  18  1:55  Probe  
  18  2:00  Warp Gate  
  19  2:04  Probe  
  19  2:08  Stalker  
  22  5:18  Probe  
  21  5:23  Zealot  
  21  5:26  Pylon, Probe  
  16  5:28  Robotics Facility  
  15  5:36  Probe  
  16  5:48  Probe  
  17  6:00  Probe  
  18  6:12  Probe  
  18  6:15  Zealot  
  18  6:17  Observer  
  22  6:20  Probe  
  23  6:28  Probe  
  22  6:35  Observer  
  22  6:39  Probe  
  24  6:51  Probe  
  25  7:03  Probe  
  25  7:06  Stalker  
  28  7:15  Probe  
  29  7:27  Probe  
  30  7:31  Pylon  
  30  7:39  Probe  
  30  7:40  Nexus  
  31  7:56  Stalker  
  33  8:03  Pylon  
  33  8:08  Probe  
Tags
 
Add a new tag
Caveats
  • Supply blocks, unpowered buildings, or Contaminate may cause inaccurate times.
  • Supply counts are checked every 10 seconds.